 Dungeon Crawl Stone Soup version 0.17.1-1-g73c8601 (webtiles) character file.

13 Implojin the Insei (level 2, 0/26 HPs)
             Began as a Hill Orc Monk on Apr 8, 2016.
             Succumbed to a kobold's poison
             ... on level 3 of the Dungeon.
             The game lasted 00:01:16 (210 turns).

Implojin the Insei (Hill Orc Monk)                   Turns: 210, Time: 00:01:16

Health: 0/26       AC:  3    Str: 13    XL:     2   Next: 37%
Magic:  2/2        EV: 12    Int: 10    God:
Gold:   0          SH:  0    Dex: 13    Spells: 0 memorised, 1 level left

rFire  . . .     SeeInvis .       - Unarmed
rCold  . . .     Clarity  .     h - +0 leather armour
rNeg   . . .     SustAt   .     (no shield)
rPois  .         Gourm    .     (no helmet)
rElec  .         Spirit   .     (no cloak)
rCorr  .         Warding  .     (no gloves)
rMut   .         Stasis   .     (no boots)
MR     .....                    (no amulet)
Stlth  ++........               (no ring)
                                (no ring)

@: lethally poisoned (0 -> -4), not resistant to hostile enchantments,
unstealthy
A: no striking features
a: no special abilities


You were on level 3 of the Dungeon.
You were not hungry.

You visited 1 branch of the dungeon, and saw 3 of its levels.

Inventory:

Hand Weapons
 i - a +0 blowgun
Armour
 a - a +0 robe
 h - a +0 leather armour (worn)
Scrolls
 c - a scroll of identify {unknown}
 d - a scroll of teleportation {unknown}
 e - a scroll of noise {unknown}
 g - a scroll of enchant armour {unknown}
Comestibles
 b - a bread ration
 f - a slice of pizza


   Skills:
 - Level 3.6 Fighting
 - Level 2.4 Dodging
 - Level 1.5 Stealth
 * Level 5.0 Unarmed Combat


You had one spell level left.
You didn't know any spells.

Dungeon Overview and Level Annotations

Branches:
Dungeon (3/15)

Altars:


Message History

* * * LOW HITPOINT WARNING * * *
You see here a poisoned needle.
Unknown command.
You hit the ooze.
The ooze is heavily wounded.
The ooze misses you.
You punch the ooze!
You kill the ooze!
Your Unarmed Combat skill increases to level 5!
The kobold unwields an uncursed whip.
The kobold wields an uncursed blowgun.
The kobold shoots a poisoned needle.
The poisoned needle hits you!
You are lethally poisoned!
* * * LOW HITPOINT WARNING * * *
You feel sick.
The kobold unwields an uncursed blowgun.
The kobold wields an uncursed whip.
The kobold barely misses you.
You hit the kobold.
You kill the kobold!
* * * LOW HITPOINT WARNING * * *
You feel sick.
Items here: ( )) † an uncursed whip; an uncursed blowgun; 13 poisoned needles; a kobold corpse
i - an uncursed blowgun
* * * LOW HITPOINT WARNING * * *
You feel sick.
You aren't carrying any potions.
* * * LOW HITPOINT WARNING * * *
You feel sick.
* * * LOW HITPOINT WARNING * * *
You feel sick.
Found a spear.
Read which item? (? for menu, Esc to quit)
Okay, then.
* * * LOW HITPOINT WARNING * * *
You feel sick.
* * * LOW HITPOINT WARNING * * *
You feel sick.
There is a lethal amount of poison in your body!
You see here a spear.
You die...

#.# #.# #.#
###.# ...# #
#..# ..#
#..##....##
#.@.......#
#)#######.#
#......##.#
####...#..#
#...#.#######.
###...........
#########.######
..(....(.)...#
#########.##(#


There were no monsters in sight!

Vanquished Creatures
  An ooze (D:3)
  A giant gecko (D:3)
  2 kobolds (D:3)
  A quokka (D:3)
  A bat (D:2)
  A giant cockroach (D:1)
  A giant newt (D:3)
  A rat (D:2)
9 creatures vanquished.

Notes
Turn   | Place    | Note
--------------------------------------------------------------
     0 | D:1      | Implojin the Hill Orc Monk began the quest for the Orb.
     0 | D:1      | Reached XP level 1. HP: 19/19 MP: 1/1
   191 | D:3      | Reached XP level 2. HP: 10/26 MP: 2/2
   195 | D:3      | Reached skill level 5 in Unarmed Combat
   207 | D:3      | HP: 1/26 [poisoned by a kobold]
   210 | D:3      | Succumbed to a kobold's poison

Action                   || total
-------------------------++-------
Melee: Unarmed           ||    21
 Stab: Sleeping          ||     2

Table legend:
 A = Turns spent in this place as a percentage of turns spent in the entire game.
 B = Non-inter-level travel turns spent in this place as a percentage of non-inter-level travel turns spent in the entire game.
 C = Inter-level travel turns spent in this place as a percentage of turns spent in this place.
 D = Turns resting spent in this place as a percentage of non-inter-level travel turns spent in this place.
 E = Turns spent auto-exploring this place as a percentage of non-inter-level travel turns spent in this place.
 F = Non-inter-level travel turns spent in this place divided by the number of levels of this place that you've seen.
                   A       B       C       D       E      F
               +-------+-------+-------+-------+-------+----------------------
         Total | 100.0 | 100.0 |   0.0 |   0.0 |   0.0 |  68.3
       Dungeon | 100.0 | 100.0 |   0.0 |   0.0 |   0.0 |  68.3
               +-------+-------+-------+-------+-------+----------------------

Table legend:
 A = Kills in this place as a percentage of kills in entire the game.
 B = Kills by you in this place as a percentage of kills by you in the entire game.
 C = Kills by friends in this place as a percentage of kills by friends in the entire game.
 D = Other kills in this place as a percentage of other kills in the entire game.
 E = Experience gained in this place as a percentage of experience gained in the entire game.
 F = Experience gained in this place divided by the number of levels of this place that you have seen.
                   A       B       C       D       E      F
               +-------+-------+-------+-------+-------+----------------------
         Total | 100.0 | 100.0 |  -nan |  -nan | 100.0 |   6.3
       Dungeon | 100.0 | 100.0 |  -nan |  -nan | 100.0 |   6.3
               +-------+-------+-------+-------+-------+----------------------
